General information
- name: BNet
- type: Ladder team game (AT/RT)
- host: Battle.net
- saver: Gaul
map: DragonFalls
- players: 8
- length: 57:07
- speed: Fast
- version: 1.26 W3XP
- replay type: Public
» download(339 KB)
Players
team 1 (loser)
akubO (
yellow | 72 APM | 1237 actions | 17:17)
3 Mountain King
2 Storm Bolt
1 Bash
2 Paladin
1 Holy Light
1 Devotion Aura
» actions
| Assign group hotkey | 123 | |
| Basic commands | 3 | |
| Build / train | 94 | |
| ESC pressed | 6 | |
| Enter build submenu | 21 | |
| Enter hero's abilities submenu | 5 | |
| Right click | 474 | |
| Select / deselect | 199 | |
| Select group hotkey | 218 | |
| Use ability | 94 | |
1237 total
» units
» upgrades
| Lumber Harvesting | 2 | |
| Storm Hammers | 2 | |
| Swords | 2 | |
| Armor | 1 | |
7 total
» buildings
| Farm | 10 | |
| Altar of Kings | 1 | |
| Scout Tower | 11 | |
| Lumber Mill | 1 | |
| Keep | 2 | |
| Arcane Tower | 3 | |
| Blacksmith | 1 | |
| Town Hall | 1 | |
| Arcane Vault | 1 | |
| Castle | 4 | |
| Gryphon Aviary | 3 | |
| Guard Tower | 8 | |
46 total
» build order
01:07 Farm
01:26 Altar of Kings
01:56 Farm
02:07 Farm
02:38 Scout Tower
02:51 Farm
02:58 Lumber Mill
03:21 Keep
03:22 Keep
03:23 Arcane Tower
03:23 Arcane Tower
03:23 Arcane Tower
03:31 Farm
03:31 Farm
03:32 Farm
03:33 Farm
03:51 Blacksmith
05:15 Town Hall
06:09 Arcane Vault
07:07 Castle
07:07 Castle
07:07 Castle
07:45 Gryphon Aviary
07:45 Gryphon Aviary
08:15 Gryphon Aviary
10:53 Scout Tower
10:53 Scout Tower
10:54 Scout Tower
10:54 Scout Tower
10:55 Scout Tower
11:40 Guard Tower
11:46 Guard Tower
11:46 Guard Tower
11:53 Guard Tower
11:53 Guard Tower
11:54 Guard Tower
13:32 Farm
13:33 Farm
14:17 Scout Tower
14:18 Scout Tower
14:19 Scout Tower
14:20 Scout Tower
14:21 Scout Tower
15:13 Guard Tower
16:25 Guard Tower
» items
| Lesser Clarity Potion | 5 | |
| Scroll of Regeneration | 3 | |
| Dust of Appearance | 1 | |
9 total
chelsea227 (
green | 35 APM | 1637 actions | 47:13)
6 Warden
3 Shadow Strike
2 Blink
1 Spirit of Vengeance
2 Keeper of the Grove
1 Entangling Roots
1 Thorns Aura
» actions
| Basic commands | 103 | |
| Build / train | 147 | |
| Enter build submenu | 40 | |
| Enter hero's abilities submenu | 8 | |
| Give item / drop item | 1 | |
| Right click | 427 | |
| Select / deselect | 747 | |
| Use ability | 164 | |
1637 total
» units
| Wisp | 37 | |
| Archer | 10 | |
| Dryad | 24 | |
| Druid of the Talon | 17 | |
| Huntress | 3 | |
| Dragonhawk Rider | 13 | |
| Faerie Dragon | 5 | |
109 total
» upgrades
| Strength of the Wild | 2 | |
| Reinforced Hides | 3 | |
| Improved Bows | 1 | |
| Abolish Magic | 1 | |
| Cloud | 1 | |
| Druid of the Talon Training | 2 | |
| Nature's Blessing | 1 | |
11 total
» buildings
| Moon Well | 12 | |
| Altar of Elders | 3 | |
| Ancient of War | 2 | |
| Tree of Life | 5 | |
| Tree of Ages | 2 | |
| Ancient of Wonders | 2 | |
| Hunter's Hall | 2 | |
| Ancient Protector | 8 | |
| Tree of Eternity | 2 | |
| Ancient of Lore | 2 | |
| Ancient of Wind | 3 | |
| Altar of Kings | 1 | |
44 total
» build order
00:20 Moon Well
00:22 Altar of Elders
01:09 Moon Well
01:49 Ancient of War
01:52 Ancient of War
02:18 Moon Well
05:17 Tree of Life
05:20 Tree of Ages
05:34 Ancient of Wonders
06:03 Hunter's Hall
07:21 Moon Well
07:40 Ancient Protector
07:44 Ancient Protector
07:46 Ancient Protector
09:27 Tree of Eternity
09:31 Moon Well
09:34 Moon Well
09:42 Ancient of Lore
09:49 Ancient of Lore
10:46 Moon Well
10:47 Moon Well
12:38 Ancient of Wind
13:45 Tree of Life
14:16 Moon Well
14:18 Moon Well
15:09 Tree of Life
15:22 Ancient Protector
15:24 Ancient Protector
15:36 Ancient Protector
15:40 Ancient Protector
15:45 Ancient Protector
18:49 Tree of Ages
21:15 Tree of Eternity
22:35 Ancient of Wind
27:18 Ancient of Wonders
28:13 Altar of Kings
28:37 Moon Well
28:38 Moon Well
29:47 Ancient of Wind
30:09 Hunter's Hall
30:26 Tree of Life
31:15 Altar of Elders
43:34 Tree of Life
45:25 Altar of Elders
» items
| Potion of Mana | 3 | |
| Potion of Healing | 4 | |
| Moonstone | 1 | |
| Scroll of Town Portal | 3 | |
| Lesser Clarity Potion | 1 | |
| Dust of Appearance | 1 | |
13 total
demolitionman92 (
purple | 19 APM | 992 actions | 52:06)
4 Blademaster
2 Mirror Image
1 Wind Walk
1 Critical Strike
» actions
| Basic commands | 1 | |
| Build / train | 111 | |
| Enter build submenu | 22 | |
| Enter hero's abilities submenu | 4 | |
| Remove unit from queue | 5 | |
| Right click | 373 | |
| Select / deselect | 439 | |
| Use ability | 37 | |
992 total
» units
| Peon | 14 | |
| Troll Headhunter/Berserker | 60 | |
| Tauren | 6 | |
| Gryphon Rider | 9 | |
| Goblin Zeppelin | 1 | |
| Dragonhawk Rider | 2 | |
| Archer | 2 | |
94 total
» upgrades
| Troll Regeneration | 1 | |
| Spiked Barricades | 1 | |
| Berserker Upgrade | 1 | |
| Pulverize | 1 | |
| Ranged Weapons | 1 | |
5 total
» buildings
| Altar of Storms | 2 | |
| Orc Burrow | 7 | |
| Barracks | 1 | |
| War Mill | 1 | |
| Stronghold | 1 | |
| Watch Tower | 4 | |
| Fortress | 1 | |
| Tauren Totem | 1 | |
| Great Hall | 1 | |
19 total
» build order
00:12 Altar of Storms
00:38 Orc Burrow
01:06 Barracks
01:55 Orc Burrow
02:27 War Mill
03:00 Stronghold
03:20 Orc Burrow
03:49 Watch Tower
04:33 Watch Tower
06:05 Fortress
07:00 Orc Burrow
07:27 Orc Burrow
08:51 Watch Tower
08:55 Watch Tower
11:12 Tauren Totem
15:18 Great Hall
16:48 Orc Burrow
18:13 Orc Burrow
23:28 Altar of Storms
Q(o.0)9WANTSOME (
blue | 108 APM | 6174 actions | 57:07)
9 Blood Mage
3 Flame Strike
3 Siphon Mana
1 Summon Phoenix
2 Banish
» actions
| Assign group hotkey | 611 | |
| Basic commands | 201 | |
| Build / train | 143 | |
| Enter build submenu | 61 | |
| Enter hero's abilities submenu | 9 | |
| Give item / drop item | 5 | |
| Remove unit from queue | 6 | |
| Right click | 2284 | |
| Select / deselect | 646 | |
| Select group hotkey | 1941 | |
| Use ability | 267 | |
6174 total
» units
| Peasant | 20 | |
| Footman | 9 | |
| Sorceress | 5 | |
| Goblin Shredder | 1 | |
| Dragonhawk Rider | 8 | |
| Goblin Zeppelin | 1 | |
| Green Dragon | 3 | |
| Goblin Sapper | 2 | |
49 total
» upgrades
| Lumber Harvesting | 1 | |
| Masonry | 3 | |
| Sorceress Training | 1 | |
| Magic Sentry | 1 | |
| Swords | 3 | |
| Armor | 3 | |
| Animal War Training | 1 | |
| Cloud | 1 | |
14 total
» buildings
| Altar of Kings | 1 | |
| Barracks | 1 | |
| Farm | 10 | |
| Scout Tower | 32 | |
| Arcane Tower | 4 | |
| Arcane Vault | 2 | |
| Keep | 2 | |
| Lumber Mill | 3 | |
| Town Hall | 4 | |
| Guard Tower | 9 | |
| Arcane Sanctum | 1 | |
| Castle | 1 | |
| Gryphon Aviary | 5 | |
| Blacksmith | 2 | |
77 total
» build order
00:50 Altar of Kings
00:52 Barracks
00:58 Farm
00:59 Farm
01:06 Farm
01:58 Scout Tower
02:15 Farm
02:37 Arcane Tower
04:07 Arcane Vault
04:11 Arcane Vault
05:34 Keep
06:09 Lumber Mill
06:11 Scout Tower
06:50 Arcane Tower
07:55 Scout Tower
07:55 Scout Tower
07:58 Scout Tower
07:58 Scout Tower
08:58 Town Hall
09:12 Scout Tower
09:12 Scout Tower
09:12 Scout Tower
09:12 Scout Tower
09:14 Scout Tower
09:14 Scout Tower
10:28 Lumber Mill
11:35 Guard Tower
11:42 Scout Tower
11:42 Scout Tower
11:43 Scout Tower
11:44 Scout Tower
11:47 Scout Tower
11:47 Scout Tower
11:51 Scout Tower
11:54 Scout Tower
12:14 Guard Tower
12:15 Guard Tower
12:17 Arcane Tower
12:18 Arcane Tower
12:21 Guard Tower
12:39 Scout Tower
12:39 Scout Tower
12:40 Scout Tower
12:44 Scout Tower
12:47 Guard Tower
13:32 Guard Tower
13:34 Lumber Mill
15:01 Arcane Sanctum
15:21 Scout Tower
15:21 Scout Tower
15:23 Scout Tower
15:24 Scout Tower
15:26 Scout Tower
16:04 Guard Tower
16:12 Farm
16:41 Scout Tower
16:42 Scout Tower
16:42 Scout Tower
18:41 Guard Tower
22:34 Town Hall
24:09 Town Hall
27:33 Keep
29:56 Castle
30:00 Gryphon Aviary
30:00 Gryphon Aviary
30:00 Gryphon Aviary
30:01 Gryphon Aviary
30:06 Gryphon Aviary
30:42 Farm
30:42 Farm
30:44 Farm
30:47 Blacksmith
30:50 Blacksmith
33:44 Town Hall
50:21 Farm
51:05 Farm
» items
| Boots of Speed | 1 | |
| Staff of Teleportation | 1 | |
| Potion of Invisibility | 7 | |
| Scroll of Town Portal | 10 | |
| Potion of Healing | 8 | |
| Scroll of Regeneration | 6 | |
| Potion of Mana | 4 | |
| Lesser Clarity Potion | 5 | |
| Potion of Lesser Invulnerability | 2 | |
| Ivory Tower | 2 | |
| Periapt of Vitality | 1 | |
| Scroll of Healing | 1 | |
48 total
team 2 (winner)

»
Praetorian (
red | 62 APM | 1832 actions | 29:29)
10 Blademaster
3 Wind Walk
3 Critical Strike
1 Bladestorm
3 Mirror Image
» actions
| Assign group hotkey | 17 | |
| Basic commands | 3 | |
| Build / train | 67 | |
| Enter build submenu | 19 | |
| Enter hero's abilities submenu | 9 | |
| Give item / drop item | 1 | |
| Remove unit from queue | 3 | |
| Right click | 640 | |
| Select / deselect | 283 | |
| Select group hotkey | 668 | |
| Use ability | 122 | |
1832 total
» units
| Peon | 13 | |
| Troll Batrider | 13 | |
| Wind Rider | -2 | |
| Raider | 2 | |
26 total
» upgrades
| Ranged Weapons | 1 | |
| Liquid Fire | 1 | |
| Reinforced Defenses | 1 | |
| Armor | 1 | |
| Witch Doctor Training | 2 | |
| Pillage | 1 | |
7 total
» buildings
| Altar of Storms | 1 | |
| Orc Burrow | 7 | |
| Voodoo Lounge | 1 | |
| War Mill | 1 | |
| Stronghold | 1 | |
| Fortress | 1 | |
| Watch Tower | 4 | |
| Beastiary | 3 | |
| Spirit Lodge | 1 | |
20 total
» build order
00:08 Altar of Storms
00:11 Orc Burrow
00:57 Voodoo Lounge
01:51 War Mill
02:19 Stronghold
02:47 Orc Burrow
04:20 Orc Burrow
04:55 Fortress
05:25 Watch Tower
06:46 Beastiary
06:48 Beastiary
06:51 Beastiary
09:40 Orc Burrow
11:08 Orc Burrow
18:32 Watch Tower
19:17 Watch Tower
19:20 Watch Tower
20:30 Spirit Lodge
20:35 Orc Burrow
20:37 Orc Burrow
» items
| Lesser Clarity Potion | 6 | |
| Healing Salve | 2 | |
| Scroll of Speed | 1 | |
| Orb of Lightning | 1 | |
| Potion of Lesser Invulnerability | 1 | |
| Potion of Healing | 3 | |
| Staff of Teleportation | 1 | |
| Scroll of Town Portal | 1 | |
| Tiny Great Hall | 1 | |
17 total
xexoz (
teal | 66 APM | 1753 actions | 26:29)
5 Shadow Hunter
3 Healing Wave
2 Serpent Ward
» actions
| Assign group hotkey | 188 | |
| Basic commands | 58 | |
| Build / train | 92 | |
| ESC pressed | 3 | |
| Enter build submenu | 26 | |
| Enter hero's abilities submenu | 5 | |
| Give item / drop item | 5 | |
| Right click | 603 | |
| Select / deselect | 434 | |
| Select group hotkey | 238 | |
| Use ability | 101 | |
1753 total
» units
| Peon | 26 | |
| Grunt | 9 | |
| Tauren | 14 | |
| Goblin Shredder | 2 | |
| Goblin Zeppelin | 1 | |
| Demolisher | 8 | |
60 total
» upgrades
| Pillage | 1 | |
| Berserker Strength | 1 | |
| Melee Weapons | 3 | |
| Pulverize | 1 | |
| Armor | 3 | |
| Burning Oil | 1 | |
| Ranged Weapons | 1 | |
11 total
» buildings
| Altar of Storms | 1 | |
| Orc Burrow | 10 | |
| Barracks | 4 | |
| Stronghold | 1 | |
| Fortress | 1 | |
| Voodoo Lounge | 1 | |
| War Mill | 1 | |
| Great Hall | 4 | |
| Tauren Totem | 3 | |
26 total
» build order
00:05 Altar of Storms
00:14 Orc Burrow
01:22 Orc Burrow
01:27 Barracks
01:46 Barracks
02:06 Orc Burrow
04:04 Stronghold
05:00 Orc Burrow
06:27 Fortress
06:41 Voodoo Lounge
06:49 War Mill
07:18 Great Hall
08:52 Tauren Totem
08:54 Tauren Totem
08:58 Tauren Totem
11:26 Orc Burrow
13:25 Great Hall
13:33 Great Hall
13:37 Great Hall
14:31 Orc Burrow
14:33 Orc Burrow
18:59 Orc Burrow
22:37 Barracks
22:40 Barracks
24:41 Orc Burrow
25:08 Orc Burrow
» items
| Healing Salve | 5 | |
| Lesser Clarity Potion | 3 | |
| Scroll of Speed | 2 | |
| Scroll of Town Portal | 2 | |
| Orb of Lightning | 1 | |
13 total
acidbath (
orange | 45 APM | 2544 actions | 57:07)
7 Death Knight
3 Death Coil
3 Unholy Aura
1 Animate Dead
» actions
| Assign group hotkey | 75 | |
| Basic commands | 2 | |
| Build / train | 56 | |
| Enter build submenu | 20 | |
| Enter hero's abilities submenu | 7 | |
| Give item / drop item | 1 | |
| Remove unit from queue | 6 | |
| Right click | 1584 | |
| Select / deselect | 549 | |
| Select group hotkey | 144 | |
| Use ability | 100 | |
2544 total
» units
| Acolyte | 3 | |
| Ghoul | 3 | |
| Crypt Fiend | 12 | |
| Furbolg Shaman | 1 | |
| Obsidian Statue | 2 | |
| Goblin Zeppelin | 1 | |
| Green Drake | 2 | |
| Gargoyle | 6 | |
| Abomination | 1 | |
31 total
» upgrades
| Creature Attack | 2 | |
| Creature Carapace | 2 | |
| Web | 1 | |
| Burrow | 1 | |
| Destroyer Form | 1 | |
7 total
» buildings
| Crypt | 2 | |
| Ziggurat | 7 | |
| Altar of Darkness | 1 | |
| Graveyard | 1 | |
| Tomb of Relics | 1 | |
| Halls of the Dead | 1 | |
| Slaughterhouse | 2 | |
| Black Citadel | 1 | |
| Watch Tower | 1 | |
17 total
» build order
00:07 Crypt
00:08 Ziggurat
00:40 Altar of Darkness
01:10 Graveyard
01:29 Tomb of Relics
02:13 Ziggurat
03:29 Crypt
04:07 Ziggurat
05:56 Ziggurat
06:53 Halls of the Dead
09:19 Slaughterhouse
09:56 Ziggurat
10:21 Ziggurat
12:16 Black Citadel
20:38 Slaughterhouse
22:15 Ziggurat
33:38 Watch Tower
» items
| Rod of Necromancy | 1 | |
| Scroll of Town Portal | 1 | |
2 total
Gaul (
pink | 77 APM | 4399 actions | 57:07)
8 Blood Mage
3 Flame Strike
3 Siphon Mana
1 Summon Phoenix
1 Banish
» actions
| Assign group hotkey | 53 | |
| Basic commands | 286 | |
| Build / train | 182 | |
| ESC pressed | 2 | |
| Enter build submenu | 92 | |
| Enter hero's abilities submenu | 8 | |
| Give item / drop item | 12 | |
| Right click | 1699 | |
| Select / deselect | 719 | |
| Select group hotkey | 1171 | |
| Use ability | 175 | |
4399 total
» units
| Peasant | 26 | |
| Footman | 16 | |
| Gryphon Rider | 12 | |
| Sorceress | 1 | |
| Dragonhawk Rider | 4 | |
| Priest | 1 | |
60 total
» upgrades
| Masonry | 3 | |
| Defend | 1 | |
| Swords | 3 | |
| Armor | 3 | |
| Lumber Harvesting | 2 | |
| Animal War Training | 1 | |
| Sorceress Training | 2 | |
| Magic Sentry | 1 | |
| Storm Hammers | 1 | |
| Cloud | 1 | |
| Spiked Barricades | 4 | |
| Priest Training | 2 | |
| Reinforced Defenses | 1 | |
| Backpack | 1 | |
26 total
» buildings
| Altar of Kings | 2 | |
| Barracks | 1 | |
| Farm | 12 | |
| Arcane Vault | 1 | |
| Town Hall | 4 | |
| Scout Tower | 52 | |
| Arcane Tower | 1 | |
| Lumber Mill | 1 | |
| Guard Tower | 51 | |
| Blacksmith | 2 | |
| Keep | 2 | |
| Castle | 2 | |
| Gryphon Aviary | 4 | |
| Arcane Sanctum | 1 | |
| Watch Tower | 7 | |
| War Mill | 1 | |
144 total
» build order
00:04 Altar of Kings
00:06 Altar of Kings
00:10 Barracks
00:14 Farm
01:02 Farm
01:56 Farm
03:16 Arcane Vault
03:23 Town Hall
04:16 Farm
04:24 Scout Tower
04:52 Arcane Tower
04:56 Lumber Mill
06:06 Scout Tower
06:07 Scout Tower
06:09 Scout Tower
06:12 Scout Tower
06:13 Scout Tower
06:37 Guard Tower
06:37 Guard Tower
06:47 Town Hall
06:54 Scout Tower
06:56 Scout Tower
06:59 Scout Tower
07:24 Guard Tower
07:27 Guard Tower
07:27 Guard Tower
07:34 Blacksmith
07:37 Blacksmith
08:01 Guard Tower
08:09 Keep
09:08 Scout Tower
09:09 Scout Tower
09:13 Scout Tower
09:20 Scout Tower
09:21 Scout Tower
09:25 Scout Tower
09:41 Guard Tower
09:44 Guard Tower
09:44 Guard Tower
10:07 Guard Tower
10:07 Guard Tower
10:13 Scout Tower
10:14 Scout Tower
10:15 Scout Tower
10:16 Scout Tower
10:17 Scout Tower
10:21 Scout Tower
10:27 Scout Tower
10:33 Scout Tower
10:45 Castle
10:45 Castle
11:29 Guard Tower
11:29 Guard Tower
11:30 Guard Tower
11:33 Guard Tower
11:34 Guard Tower
11:49 Guard Tower
12:29 Gryphon Aviary
13:03 Gryphon Aviary
13:53 Farm
13:56 Farm
15:04 Arcane Sanctum
16:32 Farm
16:33 Farm
16:34 Farm
18:50 Scout Tower
18:51 Scout Tower
18:52 Scout Tower
19:01 Scout Tower
19:03 Scout Tower
19:10 Farm
19:11 Farm
20:49 Guard Tower
20:50 Guard Tower
23:41 Gryphon Aviary
23:48 Gryphon Aviary
24:42 Scout Tower
24:43 Scout Tower
24:48 Scout Tower
24:49 Scout Tower
24:56 Scout Tower
25:12 Guard Tower
25:13 Guard Tower
26:00 Guard Tower
26:01 Guard Tower
27:21 Scout Tower
27:22 Scout Tower
27:25 Scout Tower
29:05 Guard Tower
29:05 Guard Tower
29:41 Watch Tower
29:42 Watch Tower
30:44 Scout Tower
30:45 Scout Tower
30:46 Scout Tower
30:47 Scout Tower
30:54 Scout Tower
30:56 Scout Tower
30:58 Scout Tower
31:01 Scout Tower
31:15 Guard Tower
31:15 Guard Tower
31:42 Scout Tower
31:43 Scout Tower
31:44 Scout Tower
31:45 Scout Tower
31:49 Guard Tower
31:49 Guard Tower
31:50 Guard Tower
31:50 Guard Tower
32:15 Watch Tower
32:18 Watch Tower
32:19 Watch Tower
32:21 Watch Tower
34:50 War Mill
36:25 Farm
38:46 Watch Tower
40:09 Town Hall
41:06 Scout Tower
41:09 Scout Tower
41:32 Guard Tower
41:43 Guard Tower
41:43 Guard Tower
47:14 Town Hall
49:16 Scout Tower
49:19 Scout Tower
49:46 Guard Tower
49:46 Guard Tower
» items
| Scroll of Regeneration | 10 | |
| Lesser Clarity Potion | 3 | |
| Boots of Speed | 1 | |
| Staff of Teleportation | 1 | |
| Orb of Corruption | 1 | |
| Potion of Invisibility | 1 | |
| Potion of Healing | 1 | |
| Scroll of Town Portal | 2 | |
20 total
Chat log
(00:13 / Allies) acidbath: mass fiend
(00:17 / Allies) xexoz: akubo is hax
(00:25 / All) Q(o.0)9WANTSOME: Oh my god son, it was so quiet as I waited in eager anticipation for you to load up this game
(00:33 / All) Gaul: It is the armour of a centurion. You have the rare honour of seeing it unsplattered by the blood of my inferiors.
(00:36 / All) Q(o.0)9WANTSOME: That I could hear a butterfly's scream or a rat piss on cotton
(00:46 / Allies) xexoz: we ush
(00:47 / Allies) xexoz: rush
(00:57 / Allies) Praetorian: cc
(01:00 / All) acidbath: scream of the butterfly is the shit
(01:15 / All) Q(o.0)9WANTSOME: I LIKE THE SCREAM OF THE BUTTERFLY
(01:19 / All) Q(o.0)9WANTSOME: I LIKE THE SCREAM OF THE BUTTEFLY
(01:24 / All) Q(o.0)9WANTSOME: did you ever listen to the dear hunter
(01:35 / All) acidbath: a band or a song
(01:48 / All) akubO: OPNE DIRECTION S2
(01:49 / All) Q(o.0)9WANTSOME: song son
(01:53 / All) Q(o.0)9WANTSOME: I recommended it to you
(01:57 / All) xexoz: SHUT UP FUKING HAX
(02:06 / All) Q(o.0)9WANTSOME: I'mma punish you for not looking it up
(02:25 / All) acidbath: by whom?
(02:28 / Allies) Praetorian: teal cc hard
(02:30 / Allies) Praetorian: expo
(02:40 / Allies) Praetorian: u got hex or heal?
(02:44 / Allies) xexoz: HEALING
(02:48 / Allies) Praetorian: k..
(02:51 / Allies) Praetorian: dont die plz thx
(03:14 / Allies) Praetorian: dont get trapped
(03:43 / Allies) Praetorian: b
(04:02 / Allies) Praetorian: b
(05:17 / Allies) Praetorian: purple tp
(05:27 / Allies) acidbath: pink come?
(05:38 / 9) Gaul: sec
(05:41 / 9) Gaul: they want to hit
(05:45 / Allies) Gaul: sec
(06:32 / All) Praetorian: rofl
(06:40 / All) Q(o.0)9WANTSOME: I was really tempted to miltia rush yellow
(07:03 / All) Q(o.0)9WANTSOME: stops helping me to expand
(07:07 / Allies) Praetorian: go quick
(07:11 / All) Q(o.0)9WANTSOME: fucks me over by taking that expansion in teh first palce
(07:46 / All) Praetorian: lol lol
(08:13 / Allies) Praetorian: owning yellow lol
(08:24 / Allies) xexoz: YELLLOW IS SO FUKIN HAX
(08:41 / Allies) Praetorian: healthstone plz
(08:50 / Allies) Praetorian: ty
(09:38 / Allies) acidbath: why b pink
(09:51 / Allies) Praetorian: aplly
(09:51 / Allies) Gaul: I had low Hp footies and didn't want to feed
(09:54 / Allies) Praetorian: pally
(10:23 / Allies) xexoz: SHIT
(10:34 / Allies) Praetorian: b i have bats
(10:46 / Allies) Praetorian: teal tp out
(10:48 / Allies) Praetorian: dont feed
(11:04 / 9) Gaul: just finished t2 I dual expoed
(11:20 / Allies) Gaul: hit top left blue sucks
(11:41 / Allies) Praetorian: gold teal?
(11:52 / Allies) Praetorian: ty
(12:02 / Allies) Gaul: wood
(12:23 / 9) Gaul: orange is hitting top mid maybe or just jerking off in the middle
(12:49 / 9) Gaul: they hitting to pleft
(12:56 / Allies) Gaul: wood please
(12:59 / Allies) Praetorian: dead
(13:10 / Allies) Gaul: thanks
(13:53 / All) Praetorian: ROFL
(13:56 / All) Praetorian: hax?
(14:10 / 9) Gaul: teal expo mid right
(14:41 / 9) Gaul: making gryphons now they will be 3/1
(15:06 / Allies) Praetorian: coming teal
(15:16 / Allies) Praetorian: pink gold me plz
(15:36 / Allies) Praetorian: teal go expo
(15:39 / 9) Gaul: they hitting top right expo
(15:48 / 9) Gaul: teal mid right is almost done
(16:09 / All) akubO: lue got 20 food
(16:10 / 9) Gaul: teal is mass tauren, ez
(16:12 / All) akubO: with 16 min game
(16:13 / All) Praetorian: lolz
(16:16 / All) xexoz: DED HACKER
(16:18 / All) xexoz: U TRASH
(17:13 / All) akubO: blue trash
(17:16 / All) akubO: gg
(17:21 / All) Praetorian: STRONG
(17:46 / All) Praetorian: LMAO
(17:57 / All) Gaul: sorry misclick
(18:04 / Allies) Praetorian: yuup lol
(18:06 / 9) Gaul: I offed red's bm
(18:19 / 9) Gaul: he believes it's a misclick
(18:45 / Allies) Praetorian: get some seige
(18:51 / Allies) Praetorian: gold pink
(19:20 / 9) Gaul: i got 80 food can stab anytime
(19:29 / Allies) Praetorian: teal wood plz 200?
(20:39 / Allies) Praetorian: gold?
(20:47 / All) acidbath: pink 100k gold
(20:49 / All) acidbath: beat that
(21:50 / Allies) Gaul: getting 50 food
(22:11 / Allies) acidbath: this aint monopoly lol
(22:22 / 9) Gaul: orange: this aint monopoly lol
(22:25 / All) Praetorian: lvl 9..
(22:41 / Allies) acidbath: pink gold for expo
(22:54 / Allies) acidbath: more
(22:59 / Allies) Gaul: you have 255 to expo with
(23:14 / Allies) acidbath: dude you dot 127k
(23:17 / Allies) acidbath: got
(23:29 / 9) Gaul: orange expo mid left just gave him 100 gold to expo with he will be mad if it dies
(24:16 / Allies) Praetorian: gold me plz
(24:25 / Allies) Praetorian: coming green
(26:08 / Allies) Praetorian: gold plz
(26:33 / 9) Gaul: that is all oj has lol
(26:36 / 9) Gaul: he has 10 gold
(26:46 / Allies) Praetorian: gold
(26:55 / Allies) acidbath: pink stop being a retard
(27:02 / 9) Gaul: "pink stop being a retard"
(27:08 / Allies) Gaul: I'm a smart businessman. Not a retard.
(27:11 / Allies) Praetorian: pink gold plz
(27:14 / Allies) Gaul: I can't let my wealth disappear overnight.
(27:16 / Allies) acidbath: fucking retard
(27:19 / Allies) Gaul: You've gotta stay rich.
(27:41 / Allies) Praetorian: pink dont be like that..
(27:45 / Allies) Praetorian: share plz
(27:48 / Allies) Praetorian: need bm and bats
(27:50 / Allies) Praetorian: lvl 10..
(28:09 / Allies) Praetorian: more give me like 5k plz
(28:29 / Allies) acidbath: give me 500
(28:31 / All) Gaul: purple raped by 1 bm
(28:49 / Allies) Praetorian: pink dude
(28:51 / All) Q(o.0)9WANTSOME: not sure why yellow wanted to talk shit
(29:04 / All) Q(o.0)9WANTSOME: he stops helping me vs 2, when teal mass grunts
(29:06 / All) Q(o.0)9WANTSOME: to expand
(29:15 / 9) Gaul: stab, I can't take the dryads
(29:16 / All) acidbath: our pink got 172k gold
(29:16 / All) Q(o.0)9WANTSOME: which fucks me over because I had 12 wood peasants
(29:18 / All) acidbath: beat that
(29:19 / All) Praetorian: nubs all around
(29:27 / All) Praetorian: raped u all
(30:01 / Allies) acidbath: pink more towers
(30:19 / 9) Gaul: I'll need help do you have anything?
(30:45 / Allies) acidbath: more towers
(30:57 / Allies) acidbath: kill hawks
(31:00 / Allies) acidbath: we are set
(31:04 / Allies) Gaul: they have dryads
(31:12 / Allies) acidbath: we got money
(31:23 / 9) Gaul: not sure
(31:31 / 9) Gaul: dhawks I guess and hope he doesn't react fast enough
(31:35 / Allies) acidbath: beautiful town
(31:45 / Allies) acidbath: focus tower
(31:59 / Allies) Gaul: they're clouded
(32:12 / Allies) acidbath: we need to aim those hawks
(32:38 / 9) Gaul: they are about to hit my base
(32:41 / 9) Gaul: can't hit mid left
(33:01 / 9) Gaul: or maybe I can
(33:27 / All) demolitionman92: gold pls
(33:29 / Allies) acidbath: nice lol
(33:41 / Allies) Gaul: invisigryphon
(33:47 / 9) Gaul: maphack?
(33:49 / Allies) acidbath: interesting
(33:55 / Allies) Gaul: maphack?
(34:01 / Allies) Gaul: he knows where my invisible units are
(34:15 / 9) Gaul: I'm on top of him and he went there just in time
(34:30 / Allies) acidbath: give red some gold for bm
(35:12 / Allies) acidbath: ouch
(35:33 / Allies) Gaul: he only got 1 unit
(35:41 / Allies) acidbath: give red gold for bm
(36:34 / 9) Gaul: 18
(36:52 / 9) Gaul: I have no income but 15.8k
(36:59 / Allies) acidbath: lots of hawks
(37:10 / Allies) Gaul: he has dryads and maphack
(37:13 / Allies) acidbath: all your micros
(37:27 / Allies) acidbath: redy
(38:02 / Allies) Gaul: give me the tp faggot
(38:05 / Allies) Gaul: or I kill all your shit
(38:26 / Allies) acidbath: give red gold for bm
(38:42 / 9) Gaul: i'm at my expo
(38:57 / All) Gaul: lost hero to towers
(38:58 / All) Gaul: lol
(40:17 / All) Q(o.0)9WANTSOME: LKET'S FIGHJT SLUT
(40:19 / All) Q(o.0)9WANTSOME: WANT SOME|?
(42:02 / All) Gaul: standoff?
(42:22 / All) Q(o.0)9WANTSOME: fucking spanish slut
(42:23 / Allies) acidbath: you should get more towers
(43:38 / 9) Gaul: k
(43:52 / Allies) Gaul: let's own this noob
(43:57 / All) Q(o.0)9WANTSOME: Speak ENGLISH BITCH
(44:06 / All) Gaul: PEDICABO ET TU MI AMICUS
(44:10 / All) Q(o.0)9WANTSOME: No habla jibber jabber!
(44:15 / All) acidbath: lol
(44:54 / All) Q(o.0)9WANTSOME: seems like my orders are not going thru
(45:07 / All) Q(o.0)9WANTSOME: might be am ouse problemn
(45:29 / 9) Gaul: I got it
(45:45 / All) acidbath: sweet pink fag just killed me
(46:03 / All) Gaul: "sweet pink fag" Did you learn that from a gay pride parade?
(46:18 / All) Q(o.0)9WANTSOME: that's okay
(46:28 / All) Q(o.0)9WANTSOME: I'll just get my refresh my mojo
(46:30 / All) Q(o.0)9WANTSOME: at your moonwells
(46:30 / All) acidbath: pink is your dad a fag too?
(47:00 / All) acidbath: thats what i thought
(47:08 / All) Gaul: Well, you thought wrong.
(47:22 / All) Gaul: Purple and orange are still here.
(47:53 / All) Gaul: This was kind of an uneventful game for my side but I enjoyed towering and dual expos, watching my allies beg for gold.
(48:13 / All) Q(o.0)9WANTSOME: that bitch green cussed me out in spanish
(48:19 / All) Q(o.0)9WANTSOME: yellow is such a stupid bastard
(48:28 / All) acidbath: well pink is a cunt
(48:32 / 9) Gaul: He must have been a god damn cabrone. Cachu tu madre!
(48:35 / All) acidbath: so even out
(48:38 / All) Q(o.0)9WANTSOME: I got fucked out of fast expand, what a good teammate to stop helping me so he could expand while I'm being rushed
(48:41 / All) Gaul: He must have been a god damn cabrone. Cachu tu madre!
(48:50 / All) Q(o.0)9WANTSOME: fucking me out of an expand and almsot causing me to lose my base
(49:18 / All) acidbath: blue workders
(49:25 / All) Gaul: workders
(49:34 / All) acidbath: yeah like that
(49:37 / All) acidbath: cunt
(50:09 / All) Q(o.0)9WANTSOME: maybe I wanted to use those
(50:20 / All) Gaul: The peons?
(50:24 / All) Q(o.0)9WANTSOME: yeh
(50:26 / All) Gaul: I figured not. They weren't moving
(50:28 / All) Gaul: I apologise if so
(50:37 / All) Q(o.0)9WANTSOME: kill the last one
(51:24 / 9) Gaul: kill your towers in case you lag out
(51:42 / All) Q(o.0)9WANTSOME: purple is clueless
(51:44 / All) Q(o.0)9WANTSOME: anyway
(52:13 / All) acidbath: so mean
(52:16 / All) Gaul: Orange, leave and you get a tie. Stay and you get a loss.
(52:19 / All) Q(o.0)9WANTSOME: Now you gotta lose
(52:37 / All) acidbath: you can eat my asshole pink
(52:43 / All) acidbath: fucking cunt
(52:52 / All) Gaul: How can a cunt eat an asshole?
(52:57 / All) acidbath: go suicide
(53:05 / All) Gaul: Should I become an hero over a game of WC3?
(54:42 / All) Gaul: kill my leftover hall bot right
(54:47 / All) Gaul: 2 towers would take a while to do it
(55:43 / All) Gaul: bot right, 2 towers
(55:58 / All) acidbath: wow fucking cunt you still here?
(56:12 / All) Gaul: Yeah. Any last words?
(56:17 / All) Gaul: I have 20k gold how mad you are?
(56:18 / All) Q(o.0)9WANTSOME: who are you speaking to
(56:21 / All) Gaul: orange
(56:28 / All) Q(o.0)9WANTSOME: I mean who is orange speaking to
(56:30 / All) Gaul: Any last words buddy?
(56:32 / All) Gaul: To me of course
(56:34 / All) acidbath: 200k and you still lose
(56:37 / All) acidbath: trash
(56:40 / All) Q(o.0)9WANTSOME: why wouldn't you be here
(56:43 / All) Gaul: Blue and I were working together
(56:52 / All) Gaul: Their side left, so mine gets the loss
(56:54 / All) acidbath: nah you just suck
(56:57 / All) Gaul: Goodbye, orange.
(56:57 / All) Q(o.0)9WANTSOME: lol
(56:59 / All) Gaul: Mr. 30 APM.